 Seeded DCSS version 0.30.1-4-g462c640d31 (webtiles) character file.

Game seed: 5 (custom seed)

95 Kazon the Sneak (level 4, 0/30 HPs)
             Began as an Octopode Brigand on Aug 29, 2023.
             Slain by a mana viper (glowing shapeshifter) (5 damage)
             ... on level 2 of the Dungeon.
             The game lasted 00:07:41 (1296 turns).

Kazon the Sneak (Octopode Brigand)                  Turns: 1296, Time: 00:07:43

Health: 0/30       AC:  1    Str: 12    XL:     4   Next: 66%
Magic:  0/4        EV:  8    Int: 17    God:
Gold:   106        SH: 10    Dex: 13    Spells: 3/3 levels left

rFire   . . .        d - +5 rapier of Impermanence {chaos, rElec Int+4}
rCold   . . .        c - +0 tower shield
rNeg    . . .        (helmet restricted)
rPois   .            (no amulet)
rElec   +            (no ring)
rCorr   .            (no ring)
SInv    .            (no ring)
Will    .....        (no ring)
Stlth   ++++         (no ring)
HPRegen 0.25/turn    (no ring)
MPRegen 0.09/turn    (no ring)
                     (no ring)

%: no passive effects
@: no status effects
A: almost no armour, amphibious, 8 rings, camouflage 1, gelatinous body 1,
(nimble swimmer 1), tentacles
a: no special abilities


You were on level 2 of the Dungeon.
You visited 1 branch of the dungeon, and saw 2 of its levels.

You collected 106 gold pieces.

Inventory:

Hand Weapons
 a - a +2 dagger
 d - the +5 rapier of Impermanence (weapon) {chaos, rElec Int+4}
   (You acquired it on level 1 of the Dungeon)

   Int:       It affects your intelligence (+4).
   rElec:     It insulates you from electricity.
Missiles
 b - 9 poisoned darts
 e - 3 curare-tipped darts
 g - 8 stones (quivered)
 i - 3 boomerangs
Armour
 c - a +0 tower shield (worn)
Scrolls
 h - a scroll of fog {unknown}
 k - a scroll of summoning {unknown}
 l - a scroll of identify {unknown}
 m - a scroll of magic mapping {unknown}
Potions
 f - a potion of resistance {unknown}
 j - 3 potions of curing {unknown}


   Skills:
 * Level 2.3 Fighting
 + Level 2.9 Short Blades
 + Level 2.2 Throwing
 * Level 1.9 Dodging
 + Level 6.5 Stealth
 * Level 0.2 Shields


You had 3 spell levels left.
You didn't know any spells.
Your spell library was empty.

Dungeon Overview and Level Annotations

Branches:
Dungeon (2/15)

Altars:


Innate Abilities, Weirdness & Mutations

You cannot wear most types of armour.
You are amphibious.
You can wear up to eight rings at the same time.
Your skin changes colour to match your surroundings (Stealth+).
Your rubbery body absorbs attacks. (AC +1, EV +1)
((You are camouflaged when in or above water. (Stealth+)))
You have tentacles for arms and can constrict up to eight enemies at once.


Message History

The adder closely misses you.
The jackal barks!
You hit the adder.
You kill the adder!
You hit the jackal.
You kill the jackal!
The jackal barely misses you. You block the jackal's attack.
You hit the jackal but do no damage. You grab the jackal.
You squeeze the jackal, but do no damage.
You constrict the jackal. The jackal completely misses you.
You block the jackal's attack.
You completely miss the jackal. You squeeze the jackal.
The jackal is severely wounded.
You constrict the jackal.
You kill the jackal!
The jackal bites you. You block the jackal's attack.
You hit the jackal.
The jackal changes into a glowing shapeshifter!
Your grab misses the glowing shapeshifter.
The glowing shapeshifter changes into a steelbarb worm!
You hit the steelbarb worm. You freeze the steelbarb worm.
You grab the steelbarb worm.
The steelbarb worm is lightly wounded.
You constrict the steelbarb worm, but do no damage.
You lose your grip on the mana viper.
The steelbarb worm changes into a mana viper!
You miss the mana viper. You grab the mana viper. You squeeze the mana viper.
The mana viper is lightly wounded.
You constrict the mana viper, but do no damage.
The mana viper bites you!
Ouch! That really hurt!
You feel your power leaking away. The mana viper barely misses you.
You hit the mana viper.
The mana viper seems to speed up.
You squeeze the mana viper, but do no damage.
The mana viper is lightly wounded.
You constrict the mana viper. The mana viper bites you!
* * * LOW HITPOINT WARNING * * *
The mana viper bites you.
You die...

#..####...### #...#
#...... .....# #...###
.......##..... . ###
...#..........#### #...
####.........## # #....
#####+..## #
#.....########.#########
.....hS@................
......########.#######..
......########.#### #.#
#.................# #.#
#....?............####.#
#. ..........[.......#.#
# .h..................#
##........##...#....
#........)#...#####


You could see a mana viper shaped shifter (fast) and a jackal.

Vanquished Creatures
  3 adders (D:2)
  A worm (D:2)
  4 bats
  8 endoplasms
  A giant cockroach (D:1)
  11 goblins
  5 hobgoblins
  9 jackals
  3 kobolds
  5 ball pythons
  3 frilled lizards
  3 rats
56 creatures vanquished.

Notes
Turn   | Place    | Note
-------+----------+-------------------------------------------
     0 | D:1      | Kazon the Octopode Brigand began the quest for the Orb.
     0 | D:1      | Reached XP level 1. HP: 14/14 MP: 1/1
    40 | D:1      | Identified a scroll of acquirement
    40 | D:1      | Acquired the +5 rapier of Impermanence {chaos, rElec Int+4}
    95 | D:1      | Reached XP level 2. HP: 19/19 MP: 2/2
   125 | D:1      | Reached skill level 6 in Stealth
   283 | D:1      | Reached XP level 3. HP: 22/24 MP: 3/3
  1053 | D:2      | Reached XP level 4. HP: 29/29 MP: 4/4
  1293 | D:2      | a jackal changed into a glowing shapeshifter
  1293 | D:2      | Noticed a glowing shapeshifter (glowing shapeshifter)
  1293 | D:2      | a glowing shapeshifter changed into a steelbarb worm
  1293 | D:2      | Noticed a steelbarb worm (glowing shapeshifter)
  1294 | D:2      | a steelbarb worm changed into a mana viper
  1294 | D:2      | Noticed a mana viper (glowing shapeshifter)
  1296 | D:2      | Slain by a mana viper (glowing shapeshifter)

Illustrated notes

Levels and vault maps discovered:
D:1:      ebering_trefoil_3fold, layout_basic, st_stairs_14, serial_bayou_ford_a
D:2:      layout_basic, hangedman_decor_growths, minmay_close_crescents

Skill      XL: |  1  2 |
---------------+-------+-----
Stealth        | 6 |  6.5
Fighting       | |  2.3
Short Blades   | |  2.9
Throwing       | |  2.2
Dodging        | |  1.9
Shields        | |  0.2

Action                     |  1- 3 |  4- 6 || total
---------------------------+-------+-------++-------
  Melee: Dagger            |     9 |       ||     9
         Constrict         |    12 |     6 ||    18
         Rapier            |    51 |    24 ||    75
         Tentacles         |     5 |     4 ||     9
  Throw: Dart              |     6 |       ||     6
         Stone             |     1 |     4 ||     5
    Use: Scroll            |     2 |       ||     2
         Potion            |     1 |       ||     1
   Stab: Sleeping          |    11 |     6 ||    17
 Armour: Skin              |     1 |       ||     1
  Dodge: Dodged            |    12 |     8 ||    20
  Block: Tower shield      |    20 |     5 ||    25
